AoeStats
← AMC to the sun

Arabia

506954433Analyzed
3v3 RM · 16d ago on Sep 15, 2026· 58m 4s· 6 players
Game mode
Random Map
Map size
Normal (6 player)
Population
200
Speed
Normal
Resources
Standard
Victory
Conquest
Starting age
Dark Age
Ending age
Imperial Age
RankedLock teamsTeams togetherTeam positionsShared explorationLock speedFull tech treeHidden civsTurbo modeCheats
Victory
Defeat
🇧🇷 Ethiopians · Brazil
1188
+12
🇧🇷 Persians · Brazil
1161
+13
🇧🇷 Franks · Brazil
838
+26
🇺🇸 Celts · United States
1231
-23
🇧🇷 Bengalis · Brazil
1090
-17
🇺🇸 Spanish · United States
924
-11
Lord Tiquira
6:42 Loom
10:28 Feudal Age
10:54 Double-Bit Axe
11:42 Horse Collar
18:59 Fletching
19:09 Padded Archer Armor
22:16 Castle Age
21:38 Gold Mining
23:13 Elite Skirmisher
24:52 Bow Saw
26:04 Bodkin Arrow
29:53 Leather Archer Armor
32:55 Wheelbarrow
33:11 Ballistics
35:22 Scale Barding Armor
39:47 Pikeman
44:53 Light Cavalry
45:47 Bloodlines
48:05 Husbandry
52:59 Imperial Age
51:23 Hand Cart
52:01 Town Watch
53:51 Bracer
AMC to the moon
6:47 Loom
9:34 Feudal Age
9:52 Man-at-Arms
17:39 Double-Bit Axe
18:42 Fletching
20:31 Wheelbarrow
24:26 Castle Age
22:20 Horse Collar
24:51 Crossbowman
26:11 Bodkin Arrow
31:22 Town Watch
32:41 Scale Mail Armor
32:52 Forging
32:50 Heavy Plow
32:51 Pikeman
37:52 Bow Saw
41:04 Ballistics
42:18 Chain Mail Armor
42:39 Iron Casting
47:09 Imperial Age
45:59 Hand Cart
47:09 Murder Holes
47:12 Halberdier
49:00 Chemistry
52:34 Fortified Wall
52:57 Masonry
AMC to the sun
5:21 Loom
14:32 Feudal Age
16:10 Bloodlines
16:30 Double-Bit Axe
26:48 Castle Age
26:00 Scale Barding Armor
28:28 Wheelbarrow
28:47 Husbandry
31:28 Padded Archer Armor
31:49 Chain Barding Armor
36:01 Horse Collar
37:27 Heavy Plow
39:54 Hand Cart
40:27 Bow Saw
41:36 Inquisition
41:56 Leather Archer Armor
46:19 Fervor
57:35 Imperial Age
Scofiield
5:57 Loom
9:22 Feudal Age
10:23 Double-Bit Axe
13:04 Town Watch
18:47 Wheelbarrow
24:22 Castle Age
23:26 Gold Mining
24:26 Crossbowman
24:57 Fletching
25:15 Thumb Ring
26:18 Bodkin Arrow
30:36 Bow Saw
30:47 Padded Archer Armor
32:41 Ballistics
33:58 Leather Archer Armor
40:11 Horse Collar
53:18 Imperial Age
51:54 Gold Shaft Mining
53:21 Capped Ram
53:23 Arbalester
54:04 Bracer
55:07 Chemistry
54:43 Ring Archer Armor
54:26 Siege Ram
T1r4no
6:51 Loom
9:15 Feudal Age
10:58 Double-Bit Axe
24:26 Castle Age
22:41 Forging
22:53 Bloodlines
22:57 Horse Collar
24:38 Scale Barding Armor
30:38 Chain Barding Armor
33:41 Husbandry
36:11 Gold Mining
44:21 Wheelbarrow
48:06 Imperial Age
45:23 Town Watch
46:15 Iron Casting
45:31 Fletching
46:10 Bow Saw
47:13 Masonry
47:54 Cavalier
49:11 Plate Barding Armor
49:37 Blast Furnace
50:08 Chemistry
50:22 Conscription
52:36 Savar
53:35 Light Cavalry
54:14 Hussar
55:12 Bodkin Arrow
55:18 Murder Holes
[MCC] Bacteria-Am
1:35 Loom
13:14 Feudal Age
13:23 Feudal Age
14:42 Double-Bit Axe
19:58 Castle Age
18:41 Scale Barding Armor
18:47 Forging
19:38 Wheelbarrow
22:27 Chain Barding Armor
22:58 Stone Mining
22:59 Gold Mining
23:47 Iron Casting
26:56 Husbandry
28:45 Gold Shaft Mining
33:16 Imperial Age
32:03 Hand Cart
31:49 Town Watch
34:26 Bow Saw
35:26 Cavalier
36:46 Plate Barding Armor
37:38 Blast Furnace
37:54 Town Patrol
40:30 Paladin
44:11 Chivalry
Connection lost

Rejoining the realm…

Still unreachable

The connection could not be restored.

Session expired

The server has moved on; the page needs a fresh start.